AoeStats
← Alejandro Magno

Arabia

510227266Analyzed
1v1 RM · 2d ago on Sep 30, 2026· 36m 41s· 2 players
Game mode
Random Map
Map size
Tiny (2 player)
Population
200
Speed
Normal
Resources
Standard
Victory
Conquest
Starting age
Dark Age
Ending age
Imperial Age
RankedLock teamsTeams togetherTeam positionsShared explorationLock speedFull tech treeHidden civsTurbo modeCheats
Victory
Defeat
🇺🇸 Goths · United States
644
+17
🇸🇻 Vietnamese · El Salvador
668
-17
Alejandro Magno
11:54 Feudal Age
16:42 Man-at-Arms
24:32 Castle Age
25:14 Scale Barding Armor
diegoalvarios
11:27 Feudal Age
12:08 Double-Bit Axe
25:26 Fletching
25:36 Padded Archer Armor
30:00 Castle Age
31:55 Thumb Ring
31:11 Crossbowman
32:45 Leather Archer Armor
Connection lost

Rejoining the realm…

Still unreachable

The connection could not be restored.

Session expired

The server has moved on; the page needs a fresh start.